 Dungeon Crawl Stone Soup version 0.30-a0-1103-g25895a7845 (webtiles) character file.

Game seed: 63391676406876483

28 Pimp the Firebug (level 2, -25/20 HPs)
             Began as a Demonspawn Fire Elementalist on Apr 18, 2023.
             Engulfed by a cloud of flame (26 damage)
             ... on level 2 of the Dungeon.
             The game lasted 00:03:31 (1175 turns).

Pimp the Firebug (Demonspawn Fire Elementalist)     Turns: 1175, Time: 00:03:32

Health: -25/20     AC:  2    Str:  8    XL:     2   Next: 96%
Magic:  5/5        EV: 12    Int: 18    God:
Gold:   115        SH:  0    Dex: 13    Spells: 4/5 levels left

rFire   . . .      SeeInvis .    m - +1 spear (heavy)
rCold   . . .      Faith    .    (no shield)
rNeg    . . .      Spirit   .    a - +0 robe
rPois   .          Reflect  .    (no helmet)
rElec   .          Rampage  .    (no cloak)
rCorr   .                        (no gloves)
Will    .....                    (no boots)
Stlth   ++                       (no amulet)
HPRegen 0.23/turn                (no ring)
MPRegen 0.09/turn                (no ring)

@: no status effects
A: big brain 1
a: no special abilities


You were on level 2 of the Dungeon.
You visited 1 branch of the dungeon, and saw 2 of its levels.

You collected 115 gold pieces.

Inventory:

Hand Weapons
 g - a +0 dagger
 m - a +1 heavy spear (weapon)
Armour
 a - a +0 robe (worn)
Scrolls
 c - 2 scrolls of identify {unknown}
 d - a scroll of enchant weapon {unknown}
 f - 3 scrolls of teleportation {unknown}
 h - a scroll of torment {unknown}
 i - a scroll of immolation {unknown}
 j - a scroll of fear {unknown}
 l - a scroll of blinking {unknown}
 n - a scroll of fog {unknown}
Potions
 b - a potion of magic
 e - a potion of resistance {unknown}
 k - a potion of flight {unknown}


   Skills:
 + Level 0.6 Fighting
 + Level 0.1 Polearms
 + Level 2.0 Dodging
 + Level 2.1 Stealth
 + Level 2.2 Spellcasting
 + Level 1.4 Conjurations
 + Level 2.9 Fire Magic


You had 4 spell levels left.
You knew the following spells:

 Your Spells              Type           Power      Damage    Failure   Level
a - Foxfire               Conj/Fire      36%        2x1d5     7%          1

Your spell library contained the following spells:

 Spells                   Type           Power      Damage    Failure   Level
 Scorch                   Fire           24%        2d6       8%          2
 Inner Flame              Hex/Fire       7%         N/A       28%         3
 Volatile Blastmotes      Fire/Tloc      14%        2d11      28%         3
 Ozocubu's Armour         Ice            1%         N/A       47%         3
 Flame Wave               Conj/Fire      9%         2d6       56%         4
 Alistair's Intoxication  Tmut/Pois      0%         N/A       99%         5
 Borgnjor's Vile Clutch   Necr/Erth      0%         N/A       99%         5
 Metabolic Englaciation   Hex/Ice        0%         N/A       99%         5
 Eringya's Noxious Bog    Tmut/Pois      0%         N/A       100%        6
 Simulacrum               Ice/Necr       0%         N/A       100%        6
 Ozocubu's Refrigeration  Ice            0%         4d7       100%        7


Dungeon Overview and Level Annotations

Branches:
Dungeon (2/15)

Altars:

Shops:
D:1 [


Innate Abilities, Weirdness & Mutations

You have an unusually large brain. (Int +2)


Message History

You hit the ball python.
You kill the ball python!
You see here a +0 spear.
You now have 115 gold pieces (gained 9).
Found 8 stones.
Found a stone staircase leading down.
Found a whip.
Found a book of Winter.
n - a scroll labelled AWO GINOCOKK You pick up a book of Winter and begin reading...
You add the spells Metabolic Englaciation and Simulacrum to your library.
Found a mace.
Found a scroll labelled NATEBU IGROEGH.
Found a scroll labelled ZEOHOFFY RIFO and a leather armour.
You start waiting.
Done waiting.
Really walk into a travel-excluded area?
Found a yellow potion and a scroll labelled BYIFRE PUSKETO.
Really walk into that cloud of flame?
Okay, then.
Unknown command.
Really walk into a travel-excluded area?
Really walk into that cloud of flame?
Okay, then.
Really walk into that cloud of flame?
Okay, then.
You are engulfed in blazing flames.
Ouch! That really hurt!
You see here Great Wizards, Vol.
II.
You start resting.
HP restored.
Really walk into a travel-excluded area?
You are engulfed in blazing flames.
Ouch! That really hurt!
* * * LOW HITPOINT WARNING * * *
You see here Great Wizards, Vol.
II.
You pick up Great Wizards, Vol.
II and begin reading...
You add the spells Alistair's Intoxication, Borgnjor's Vile Clutch and Eringya's Noxious Bog to your library.
You are engulfed in blazing flames.
Ouch! That really hurt!
You die...

....... ....... #
......) §# ....... ○§#
..... ######...# ...
##.☼☼○.?[?. .#####.###
#..○§§...!.
.........###..@§°..?..
#
###.####.....#####...#
... #.####..#### #
...##.#........#
...##.#.##..#.##
...##.#.##..#.#
...##..........
........#####.##
......).# ..#


There were no monsters in sight!

Vanquished Creatures
  4 endoplasms (D:1)
  3 giant cockroaches
  3 goblins
  5 hobgoblins
  A quokka (D:1)
  A ball python (D:2)
  A bat (D:1)
  A frilled lizard (D:1)
  2 kobolds
  2 rats
23 creatures vanquished.

Vanquished Creatures (others)
  33 foxfires (D:1)
33 creatures vanquished.

Grand Total: 56 creatures vanquished

Notes
Turn   | Place    | Note
-------+----------+-------------------------------------------
     0 | D:1      | Pimp the Demonspawn Fire Elementalist began the quest for
                  | the Orb.
     0 | D:1      | Reached XP level 1. HP: 13/13 MP: 3/3
   255 | D:1      | Gained mutation: You have an unusually large brain. (Int
                  | +2) [demonic ancestry]
   255 | D:1      | Reached XP level 2. HP: 19/19 MP: 1/5
   705 | D:1      | Found a faded altar of an unknown god.
   748 | D:1      | Found Tothriet's Antique Armour Shoppe.
  1174 | D:2      | HP: 1/20 [something (19)]
  1175 | D:2      | Engulfed by a cloud of flame

Illustrated notes

Levels and vault maps discovered:
D:1:      heliophobic_arrival_enchanted_forest, layout_loops_cross,
          serial_shops, nicolae_shop_peninsula, chequers_ecumenical_altar_lobes
D:2:      layout_loops_cross, minmay_misc_feat_four_crosses, lemuel_flame_loot_1

Skill      XL: |  1  2 |
---------------+-------+-----
Dodging        | 2 |  2.0
Stealth        | 2 |  2.1
Fighting       | |  0.6
Polearms       | |  0.1
Spellcasting   | |  2.2
Conjurations   | |  1.4
Fire Magic     | |  2.9

Action                     || total
---------------------------++-------
  Melee: Dagger            ||    29
         Unarmed           ||     8
         Spear             ||    17
   Cast: Foxfire           ||    24
   Stab: Sleeping          ||     2
 Armour: Robe              ||    12
  Dodge: Dodged            ||    50

Table legend: (Time is in decaauts)
 A = Elapsed time spent in this place.
 B = Non-inter-level travel time spent in this place.
 C = Inter-level travel time spent in this place.
 D = Time resting spent in this place.
 E = Time spent auto-exploring this place.
 F = Levels seen in this place.
 G = Mean time per level.
                   A        B        C        D        E       F      G
               +--------+--------+--------+--------+--------+-----+--------+
         Total |   1185 |   1180 |      5 |    203 |    692 |   2 |  592.5 |
       Dungeon |   1185 |   1180 |      5 |    203 |    692 |   2 |  592.5 |
               +--------+--------+--------+--------+--------+-----+--------+

Top non-repeatable levels by time:
     D:1: 810 daAuts
     D:2: 374 daAuts
